 Dungeon Crawl Stone Soup version 0.23.2-40-g277498a (webtiles) character file.

Game seed: 10066674384705040547

161 Fang the Skirmisher (level 5, -1/33 HPs)
             Began as a Gargoyle Berserker on Oct 22, 2019.
             Was a Believer of Trog.
             Killed by divine providence
             ... invoked by an orc priest
              (14 damage)
             ... on level 2 of the Dungeon.
             The game lasted 00:02:22 (1765 turns).

Fang the Skirmisher (Gargoyle Berserker)            Turns: 1765, Time: 00:02:23

Health: -1/33      AC:  8    Str: 22    XL:     5   Next: 42%
Magic:  0/5        EV: 12    Int:  7    God:    Trog [**....]
Gold:   104        SH:  0    Dex:  9    Spells: 4/4 levels left

rFire    . . .     SeeInvis .   a - +0 hand axe
rCold    . . .     Gourm    .   (no shield)
rNeg     + . .     Faith    .   b - +0 animal skin
rPois    ∞         Spirit   +   g - +1 helmet
rElec    +         Reflect  .   (no cloak)
rCorr    .         Harm     .   (no gloves)
MR       ++...                  (no boots)
Stlth    +.........             l - amulet of guardian spirit
HPRegen  1.11/turn              (no ring)
MPRegen  0.09/turn              (no ring)

@: berserk cooldown, regenerating, slowed, very slow
A: negative energy resistance 1, electricity resistance, unbreathing,
petrification resistance, rot immunity, AC +4
a: Berserk, Trog's Hand, Renounce Religion


You were on level 2 of the Dungeon.
You worshipped Trog.
Trog was pleased with you.
You were very hungry.

You visited 1 branch of the dungeon, and saw 3 of its levels.

You collected 104 gold pieces.

Inventory:

Hand Weapons
 a - a +0 hand axe (weapon)
Armour
 b - a +0 animal skin (worn)
 g - a +1 helmet (worn)
Jewellery
 l - an amulet of guardian spirit (around neck)
Scrolls
 d - 3 scrolls of teleportation {unknown}
 e - 6 scrolls of identify {unknown}
 f - 4 scrolls of remove curse {unknown}
 j - a scroll of enchant weapon {unknown}
Potions
 h - 2 potions of invisibility {unknown}
 i - 2 potions of agility {unknown}
Comestibles
 c - 2 rations


   Skills:
 + Level 4.3 Fighting
 + Level 3.5 Axes
 + Level 3.5 Armour
 + Level 2.5 Dodging


You had 4 spell levels left.
You didn't know any spells.
Your spell library was empty.

Dungeon Overview and Level Annotations

Branches:
Dungeon (3/15)

Altars:
Ashenzari
Ru


Innate Abilities, Weirdness & Mutations

You are resistant to torment.
Your stone body is resilient. (AC +4)
You are immune to poison.
You resist negative energy. (rN+)
You are resistant to electric shocks. (rElec)
You can survive without breathing.
You are immune to petrification.
You are immune to rotting.


Message History

Beogh smites you!
* * * LOW HITPOINT WARNING * * *
You hit the orc priest.
The orc priest is heavily wounded.
The orc priest barely misses you.
The orc priest hits you but does no damage.
You barely miss the orc priest.
The orc priest is heavily wounded.
You are feeling very hungry.
The orc priest hits you but does no damage.
The orc priest misses you.
You closely miss the orc priest.
The orc priest is heavily wounded.
The orc priest hits you but does no damage.
You closely miss the orc priest.
The orc priest is heavily wounded.
You feel the effects of Trog's Hand fading.
The orc priest invokes the aid of Beogh against you.
Beogh smites you!
You die...

####### #.#.#
##.....## #.#.#
#.......## #.#.#
.........# #.#.#
.........# #.#.#
.........# #.#.#
.........# #.#.#
.........# ####
#.#.# #.......##
#@.# #.#.#
.........# #o##
#.#.# .........#
##.# #.#.#
.........# #..#
#.#.# .........#
#.## #.#.#
.........# #.#
#.#.# ........##
##.# #.#.#
.......#######..#
#.#.#
.(..###..♣P.##.##
#.#.#


You could see an orc priest.

Vanquished Creatures
  A worker ant (D:3)
  A gnoll (D:1)
  5 adders
  A worm (D:2)
  3 dart slugs
  2 leopard geckos
  6 orcs (D:3)
  5 bats
  A giant cockroach (D:1)
  8 goblins
  5 hobgoblins
  3 quokkas
  4 frilled lizards
  A jackal skeleton (D:2)
  12 kobolds
  10 rats
68 creatures vanquished.

Vanquished Creatures (others)
  An orc (D:3)
1 creature vanquished.

Grand Total: 69 creatures vanquished

Notes
Turn   | Place    | Note
-------+----------+-------------------------------------------
     0 | D:1      | Fang the Gargoyle Berserker began the quest for the Orb.
     0 | D:1      | Reached XP level 1. HP: 14/14 MP: 1/1
    58 | D:1      | Reached XP level 2. HP: 19/19 MP: 2/2
   243 | D:1      | Reached XP level 3. HP: 19/23 MP: 3/3
   770 | D:2      | Reached ** piety under Trog
   799 | D:2      | Reached XP level 4. HP: 23/29 MP: 4/4
   908 | D:2      | Reached skill level 4 in Fighting
  1286 | D:2      | Found a shattered altar of Ashenzari.
  1287 | D:2      | Found a sacrificial altar of Ru.
  1459 | D:3      | Reached XP level 5. HP: 26/33 MP: 5/5
  1488 | D:3      | Noticed an orc warrior
  1765 | D:2      | Killed from afar by an orc priest

Skill      XL: |  1  2  3  4 |
---------------+-------------+-----
Axes           | 3 |  3.5
Dodging        | 2 |  2.5
Armour         | 3 |  3.5
Fighting       | 4 |  4.3

Action                   |  1- 3 |  4- 6 || total
-------------------------+-------+-------++-------
Melee: Hand axe          |    83 |   122 ||   205
Invok: Berserk           |     1 |     2 ||     3
       Trog's Hand       |       |     1 ||     1
  Eat: Chunk             |     1 |     4 ||     5
Armor: Animal skin       |    40 |    60 ||   100
Dodge: Dodged            |    52 |   103 ||   155
